 Dungeon Crawl Stone Soup version 0.24.0-125-gc4c63601f3 (webtiles) character file.

Game seed: 14794530273316806990, levelgen mode: deterministic

237 BigBi the Shield-Bearer (level 6, 0/53 HPs)
             Began as a Hill Orc Fighter on Mar 17, 2020.
             Succumbed to a worker ant's poison
             ... on level 3 of the Dungeon.
             The game lasted 00:27:13 (2516 turns).

BigBi the Shield-Bearer (Hill Orc Fighter)          Turns: 2516, Time: 00:27:14

Health: 0/53       AC: 12    Str: 20    XL:     6   Next: 6%
Magic:  6/6        EV:  5    Int:  8    God:
Gold:   106        SH:  9    Dex: 11    Spells: 5/5 levels left

rFire    . . .     SeeInvis .   r - +1 flail (crush)
rCold    . . .     Gourm    .   c - +0 shield
rNeg     . . .     Faith    .   p - +0 chain mail
rPois    .         Spirit   .   (no helmet)
rElec    .         Reflect  .   d - +2 cloak
rCorr    .         Harm     .   (no gloves)
MR       .....                  (no boots)
Stlth    ..........             (no amulet)
HPRegen  0.17/turn              (no ring)
MPRegen  0.10/turn              (no ring)

@: lethally poisoned (0 -> -18), about to teleport
A: no striking features
a: no special abilities


You were on level 3 of the Dungeon.
You were not hungry.

You visited 1 branch of the dungeon, and saw 4 of its levels.

You collected 106 gold pieces.

Inventory:

Hand Weapons
 a - a +0 war axe
 r - a +1 flail of crushing (weapon)
Missiles
 l - 3 boomerangs (quivered)
Armour
 c - a +0 shield (worn)
 d - a +2 cloak (worn)
 p - a +0 chain mail (worn)
Scrolls
 e - 2 scrolls of remove curse
 g - a scroll of immolation {unknown}
Potions
 m - a potion of cancellation
 n - a potion of lignification
Comestibles
 b - 2 chunks of flesh
 f - 2 rations


   Skills:
 + Level 4.4 Fighting
 + Level 4.0(4.4) Axes
 * Level 2.1(3.0) Maces & Flails
 + Level 0.3 Throwing
 + Level 4.4 Armour
 + Level 0.2 Dodging
 + Level 0.2 Stealth
 + Level 4.6 Shields


You had 5 spell levels left.
You didn't know any spells.
Your spell library was empty.

Dungeon Overview and Level Annotations

Branches:
Dungeon (4/15)
 Temple: D:4-7

Altars:

Annotations:
D:3 3 runed translucent doors, Curus's ghost, amateur MiGl; atomjack's ghost, amateur DsFE; fritzmikael's ghost, amateur DsFi; jf82's ghost, amateur HOBe; kandel6's ghost, amateur GnWn


Message History

There is a stone staircase leading down here.
You see here 2 stones.
You feel sick. The worker ant barely misses you. The worker ant bites you.
* * * LOW HITPOINT WARNING * * *
You are more poisoned.
The worker ant poisons you! The worker ant bites you.
* * * LOW HITPOINT WARNING * * *
You are too injured to fight recklessly!
Your shield and chain mail prevent you from hitting the worker ant.
The worker ant is almost dead.
* * * LOW HITPOINT WARNING * * *
You feel sick.
The worker ant bites you but does no damage. x2
The worker ant bites you.
* * * LOW HITPOINT WARNING * * *
You are more poisoned.
The worker ant poisons you!
As you read the scroll of teleportation, it crumbles to dust.
You feel strangely unstable.
You die...

###############
#..............
#########..............
#......................
#......................
#....................).
#................######
#....aa................
##...>@.....).....)....
######........(.######
###..............#
#.........###....##
#.......#.# ###...#####
#....####.#####.#......
######........#<#......
#.##.###.###......
#....# #...#......


You could see 2 worker ants.

Vanquished Creatures
  A phantom (D:4)
  A hound (D:3)
  A worker ant (D:4)
  A hound skeleton (D:4)
  An adder (D:3)
  A worm (D:3)
  A dart slug (D:1)
  A leopard gecko (D:3)
  An orc (D:3)
  A ball python (D:3)
  5 bats
  7 giant cockroaches
  13 goblins
  6 hobgoblins
  4 jackals
  2 quokkas
  3 frilled lizards
  3 kobolds
  8 rats
61 creatures vanquished.

Notes
Turn   | Place    | Note
-------+----------+-------------------------------------------
     0 | D:1      | BigBi the Hill Orc Fighter began the quest for the Orb.
     0 | D:1      | Reached XP level 1. HP: 19/19 MP: 1/1
    98 | D:1      | Reached XP level 2. HP: 27/27 MP: 2/2
   428 | D:1      | Reached XP level 3. HP: 32/33 MP: 3/3
   452 | D:1      | You fall into a shaft and drop 1 floor!
  1459 | D:3      | Reached XP level 4. HP: 36/40 MP: 4/4
  1742 | D:3      | Found a runed translucent gate.
  1743 | D:3      | Found a runed translucent gate.
  1743 | D:3      | Found a runed translucent gate.
  1744 | D:3      | Noticed atomjack's ghost (amateur DsFE)
  1744 | D:3      | Noticed fritzmikael's ghost (amateur DsFi)
  1745 | D:3      | Noticed kandel6's ghost (amateur GnWn)
  1745 | D:3      | Noticed Curus's ghost (amateur MiGl)
  1745 | D:3      | Noticed jf82's ghost (amateur HOBe)
  2346 | D:4      | Noticed a phantom
  2355 | D:4      | Reached XP level 5. HP: 44/46 MP: 5/5
  2371 | D:4      | Killed a phantom
  2371 | D:4      | Reached skill level 1 in Maces & Flails
  2387 | D:4      | Reached XP level 6. HP: 37/53 MP: 6/6
  2515 | D:3      | HP: 1/53 [worker ant (6)]
  2516 | D:3      | Succumbed to a worker ant's poison

Levels and vault maps discovered:
D:1:      onia_arrival_pyramid, layout_rooms, minmay_cupped
D:2:      layout_rooms
D:3:      layout_basic, gammafunk_ghost_cemetery
D:4:      layout_cave_pools, minmay_overflow_temple_star_quad,
          minmay_temple_entry_drinking_statues, first_ration,
          chequers_serial_rivers_micro_e, st_stairs_10, uniq_duvessa

Skill      XL: |  1  2  3  4  5 |
---------------+----------------+-----
Axes           | 3 4 |  4.0
Fighting       | 4 |  4.4
Shields        | 4 |  4.6
Armour         | 4 |  4.4
Maces & Flails | 2 |  2.1
Throwing       | |  0.3
Dodging        | |  0.2
Stealth        | |  0.2

Action                   |  1- 3 |  4- 6 || total
-------------------------+-------+-------++-------
Melee: War axe           |   128 |    34 ||   162
       Flail             |       |    50 ||    50
Throw: Stone             |     7 |       ||     7
       Boomerang         |       |     9 ||     9
  Use: Scroll            |     5 |     5 ||    10
       Potion            |     2 |     2 ||     4
  Eat: Ration            |     1 |       ||     1
       Chunk             |       |     2 ||     2
Armor: Scale mail        |    97 |     1 ||    98
       Chain mail        |       |    62 ||    62
Dodge: Dodged            |    60 |    29 ||    89
Block: Shield            |    90 |    66 ||   156
